 Dungeon Crawl Stone Soup version 0.17.1-1-g73c8601 (webtiles) character file.

3959 Tonzo the Blocker (level 10, -7/88 HPs)
             Began as a Minotaur Fighter on Jan 5, 2016.
             Was a Believer of the Shining One.
             Killed from afar by a fire dragon (13 damage)
             ... with a blast of flame
             ... on level 9 of the Dungeon.
             The game lasted 00:37:22 (6935 turns).

Tonzo the Blocker (Minotaur Fighter)                Turns: 6935, Time: 00:37:23

Health: -7/88      AC: 25    Str: 24    XL:     10   Next: 2%
Magic:  0/9        EV: 10    Int:  5    God:    the Shining One [**....]
Gold:   524        SH: 13    Dex: 10    Spells: 0 memorised, 9 levels left

rFire  + . .     SeeInvis .     t - +0 flail (protect)
rCold  + . .     Clarity  .     d - +3 plate armour
rNeg   + . .     SustAt   .     c - +1 shield
rPois  +         Gourm    .     (helmet restricted)
rElec  +         Spirit   +     (no cloak)
rCorr  +         Warding  .     (no gloves)
rMut   .         Stasis   .     i - +2 pair of boots
MR     .....                    s - amulet of guardian spirit
Stlth  ..........               o - +2 ring of evasion
                                g - ring of poison resistance

@: exhausted, resistant, slowed, glowing, very slow, not resistant to hostile
enchantments, extremely unstealthy
A: retaliatory headbutt, horns 2, icy blue scales 1
a: Divine Shield, Renounce Religion


You were on level 9 of the Dungeon.
You worshipped the Shining One.
The Shining One was pleased with you.
You were not hungry.

You visited 1 branch of the dungeon, and saw 9 of its levels.

You collected 524 gold pieces.

Inventory:

Hand Weapons
 t - a +0 flail of protection (weapon)
Armour
 c - a +1 shield (worn)
 d - a +3 plate armour (worn)
 i - a +2 pair of boots (worn)
Jewellery
 g - a ring of poison resistance (left hand)
 o - a +2 ring of evasion (right hand)
 s - an amulet of guardian spirit (around neck)
Wands
 w - a wand of slowing (48)
Scrolls
 f - 2 scrolls of enchant weapon
 q - 3 scrolls of remove curse
 x - a scroll of amnesia
Potions
 a - a potion of brilliance
 h - a potion of berserk rage
 u - a potion of mutation
Books
 r - a book of Annihilations

   Spells                             Type                      Level
   a - Poison Arrow                   Conjuration/Poison           6
   b - Chain Lightning                Conjuration/Air              8
   c - Lehudib's Crystal Spear        Conjuration/Earth            8
   d - Glaciate                       Conjuration/Ice              9
   e - Fire Storm                     Conjuration/Fire             9
Comestibles
 e - 2 bread rations
 m - 3 meat rations


   Skills:
 + Level 8.0 Fighting
   Level 3.2(5.7) Axes
 + Level 7.4(7.7) Maces & Flails
 + Level 7.2 Armour
 + Level 6.2 Dodging
 - Level 0.1 Stealth
 + Level 10.4 Shields
 + Level 0.3 Evocations


You had 9 spell levels left.
You didn't know any spells.

Dungeon Overview and Level Annotations

Branches:
Dungeon (9/15)             Temple (0/1) D:5
   Lair: D:8-11         Orc: D:9-12

Altars:
Dithmenos
Okawaru
Qazlal
Ru
Sif Muna
Trog
Yredelemnul
The Shining One


Innate Abilities, Weirdness & Mutations

You reflexively headbutt those who attack you in melee.
You have a pair of horns on your head.
You are partially covered in icy blue scales (AC +1).


Message History

The orc wizard is lightly wounded.
You block the orc wizard's attack. The fire dragon bites you!
* * * LOW HITPOINT WARNING * * *
The fire dragon claws you but does no damage.
The fire dragon tramples you but does no damage.
The orc wizard barely misses you.
You hit the orc wizard. You headbutt the orc wizard.
The orc wizard is severely wounded.
The fire dragon bites you but does no damage.
The fire dragon claws you but does no damage.
The fire dragon tramples you but does no damage.
The orc wizard hits you but does no damage.
You block the fire dragon's attack. x3
You closely miss the orc wizard. Your headbutt misses the orc wizard.
The orc wizard is severely wounded.
The orc wizard gestures wildly while chanting.
The orc wizard blinks!
The fire dragon breathes flames at you. The blast of flame hits you!
You resist.
You die...

........#
#.......#
#......# #....o.#
#....# #))# #))#
#D## ######## #@#
.#......# ##§#
........# #..#
........# #.##
........#### #.#
...........# #.#
........##.####.#
##.....†##.##...#
#....<.##....###


You could see a fire dragon and an orc wizard.

Vanquished Creatures
  The ghost of Musteatbrain the Skirmisher, a novice DsFi of Qazlal (D:8)
  Prince Ribbit (D:7)
  A wyvern (D:8)
  2 sky beasts
  2 orc warriors (D:7)
  2 ice beasts
  4 phantoms
  3 centaurs
  4 giant frogs
  A scorpion (D:4)
  A wyvern skeleton (D:6)
  6 killer bees (D:7)
  A centaur zombie (D:6)
  2 crimson imps
  A giant frog zombie (D:6)
  3 jellies
  A quasit (D:8)
  4 orc priests
  A giant frog skeleton (D:5)
  5 hounds
  11 orc wizards
  Jessica (D:2)
  7 worker ants
  A hound skeleton (D:3)
  4 gnolls (D:2)
  7 adders
  An ooze (D:1)
  2 worms
  An adder skeleton (D:4)
  An adder zombie (D:7)
  3 giant geckos
  24 orcs
  2 bats
  7 giant cockroaches
  7 goblins
  7 hobgoblins
  9 jackals
  4 quokkas
  4 giant newts
  7 kobolds
  2 rats
  A plant (D:4)
159 creatures vanquished.

Notes
Turn   | Place    | Note
--------------------------------------------------------------
     0 | D:1      | Tonzo the Minotaur Fighter began the quest for the Orb.
     0 | D:1      | Reached XP level 1. HP: 19/19 MP: 0/0
   429 | D:1      | Reached XP level 2. HP: 27/27 MP: 1/1
   502 | D:1      | Reached skill level 4 in Fighting
  1055 | D:2      | Reached XP level 3. HP: 25/33 MP: 2/2
  1107 | D:2      | Reached XP level 4. HP: 9/41 MP: 3/3
  1403 | D:2      | Noticed Jessica
  1412 | D:2      | Killed Jessica
  1570 | D:3      | Found a sacrificial altar of Ru.
  1711 | D:3      | Reached skill level 1 in Dodging
  1743 | D:3      | Reached skill level 5 in Shields
  1743 | D:3      | Reached XP level 5. HP: 37/47 MP: 4/4
  1920 | D:3      | Found a glowing golden altar of the Shining One.
  1923 | D:3      | Noticed an angel
  1930 | D:3      | Became a worshipper of the Shining One
  1941 | D:3      | Found a basalt altar of Yredelemnul.
  1945 | D:3      | Noticed a profane servitor
  2327 | D:4      | Noticed a phantom
  2341 | D:4      | Killed a phantom
  2341 | D:4      | Reached skill level 5 in Fighting
  2341 | D:4      | Reached skill level 5 in Armour
  2341 | D:4      | Reached XP level 6. HP: 46/56 MP: 5/5
  2902 | D:4      | Reached skill level 1 in Maces & Flails
  3045 | D:4      | Found a bloodstained altar of Trog.
  3332 | D:5      | Entered Level 5 of the Dungeon
  3442 | D:5      | Reached skill level 6 in Shields
  3442 | D:5      | Reached XP level 7. HP: 61/61 MP: 6/6
  3488 | D:5      | Reached * piety under the Shining One
  3681 | D:5      | Found a staircase to the Ecumenical Temple.
  3713 | D:5      | Reached skill level 7 in Shields
  3976 | D:6      | Reached XP level 8. HP: 70/70 MP: 7/7
  4122 | D:6      | Found an iron altar of Okawaru.
  4563 | D:6      | Reached ** piety under the Shining One
  4563 | D:6      | Reached skill level 8 in Shields
  4757 | D:7      | Found a shadowy altar of Dithmenos.
  4776 | D:7      | Reached skill level 5 in Maces & Flails
  4780 | D:7      | Noticed Prince Ribbit
  4795 | D:7      | Killed Prince Ribbit
  4849 | D:7      | Reached XP level 9. HP: 79/79 MP: 8/8
  4994 | D:7      | Reached skill level 9 in Shields
  5320 | D:7      | Found a deep blue altar of Sif Muna.
  5324 | D:7      | Found a stormy altar of Qazlal.
  5644 | D:8      | Reached skill level 5 in Dodging
  5652 | D:8      | Noticed Musteatbrain's ghost (novice DsFi)
  5678 | D:8      | Killed Musteatbrain's ghost
  6060 | D:8      | Reached skill level 10 in Shields
  6888 | D:9      | Reached XP level 10. HP: 83/88 MP: 9/9
  6917 | D:9      | Noticed a fire dragon
  6926 | D:9      | Gained mutation: You are partially covered in icy blue scales (AC +1). [potion of beneficial mutation]
  6935 | D:9      | Killed from afar by a fire dragon

Action                   |  1- 3 |  4- 6 |  7- 9 | 10-12 || total
-------------------------+-------+-------+-------+-------++-------
Melee: War axe           |    56 |    73 |       |       ||   129
       Flail             |       |   126 |   315 |    14 ||   455
Evoke: Wand              |       |       |     2 |       ||     2
  Use: Scroll            |     3 |     7 |     9 |       ||    19
       Potion            |     1 |     1 |     6 |     4 ||    12
  Eat: Chunk             |     1 |     1 |       |       ||     2
       Meat ration       |       |     1 |     1 |       ||     2
       Bread ration      |       |     1 |     1 |       ||     2
       Pizza             |       |       |     2 |       ||     2
